 Dungeon Crawl Stone Soup version 0.27-a0-550-ge92ec0ca06 (webtiles) character file.

Game seed: 4235713152660822519

129954 Anon1729 the Zephyrmancer (level 16, -2/105 HPs)
             Began as a Demigod Air Elementalist on Mar 7, 2021.
             Killed themself with a bounced bolt of lightning (25 damage)
             ... on level 1 of the Elven Halls.
             The game lasted 01:56:48 (49825 turns).

Anon1729 the Zephyrmancer (DgAE)                   Turns: 49825, Time: 01:56:48

Health: -2/105     AC: 17    Str:  9    XL:     16   Next: 4%
Magic:  28/38      EV: 14    Int: 55    God:
Gold:   1867       SH:  0    Dex: 19    Spells: 19/42 levels left

rFire    . . .     SeeInvis .   D - staff of air
rCold    + . .     Faith    .   (no shield)
rNeg     + . .     Spirit   .   V - +1 ring mail of Barghot {*Corrode +Fly rF- Int+10}
rPois    +         Reflect  .   s - +2 helmet "Koshep Jony" {rElec rPois rN+}
rElec    +         Harm     .   J - scarf {rC+ rF+}
rCorr    .         Rampage  .   E - +0 pair of gloves
Will     ++...                  z - +2 pair of boots
Stlth    ++........             b - amulet of magic regeneration
HPRegen  0.27/turn              A - +4 ring of evasion
MPRegen  0.51/turn              a - ring of Spite {*Drain Will+ AC+4 Int+8 Dex+5}

@: no status effects
A: high mp 1, forlorn
a: Evoke Flight


You were on level 1 of the Elven Halls.
You visited 4 branches of the dungeon, and saw 25 of its levels.
You visited 1 bazaar.
You also visited: Bailey and Ice Cave.

You collected 4165 gold pieces.
You spent 2298 gold pieces at shops.

Inventory:

Missiles
 O - 5 throwing nets
Armour
 s - the +2 helmet "Koshep Jony" (worn) {rElec rPois rN+}
   (You acquired it on level 5 of the Lair of Beasts)

   It insulates you from electricity.
   It protects you from poison.
   It protects you from negative energy.
 z - a +2 pair of boots (worn)
 E - a +0 pair of gloves (worn)
 F - a +1 cloak of willpower
 J - a scarf of resistance (worn)
 V - the +1 ring mail of Barghot (worn) {*Corrode +Fly rF- Int+10}
   (You bought it in a shop on level 14 of the Dungeon)

   It affects your intelligence (+10).
   It makes you vulnerable to fire.
   It lets you fly.
   It may corrode you when you take damage.
Magical Staves
 D - a staff of air (weapon)
 M - a staff of fire
Jewellery
 a - the ring of Spite (right hand) {*Drain Will+ AC+4 Int+8 Dex+5}
   (You found it on level 3 of the Lair of Beasts)

   [ring of protection]

   It affects your AC (+4).
   It affects your intelligence (+8).
   It affects your dexterity (+5).
   It affects your willpower, your defense against some magical effects.
   It causes draining when unequipped.
 b - an amulet of magic regeneration (around neck)
 l - a ring of resist corrosion
 A - a +4 ring of evasion (left hand)
 I - a ring of wizardry
Wands
 y - a wand of charming (17)
 K - a wand of flame (44)
 U - a wand of acid (6)
 W - a wand of iceblast (5)
 X - a wand of digging (4)
 Y - a wand of paralysis (13)
 Z - a wand of random effects (15)
Scrolls
 e - 4 scrolls of fear
 g - 2 scrolls of blinking
 h - 9 scrolls of amnesia
 i - 2 scrolls of enchant weapon
 j - 4 scrolls of immolation
 k - 3 scrolls of magic mapping
 p - 18 scrolls of teleportation
 u - a scroll of random uselessness
 v - 2 scrolls of silence
 x - a scroll of enchant armour
 C - 2 scrolls of holy word
 G - 4 scrolls of vulnerability
 L - a scroll of acquirement
 N - 3 scrolls of fog
 P - a scroll of teleportation
 R - a scroll of summoning
 S - a scroll of amnesia
Potions
 c - 7 potions of haste
 d - 2 potions of lignification
 f - 5 potions of flight
 m - 2 potions of magic
 n - 7 potions of attraction
 o - a potion of mutation
 q - 6 potions of brilliance
 r - 2 potions of ambrosia
 t - 6 potions of heal wounds
 w - 5 potions of curing
 B - 5 potions of cancellation
 Q - 5 potions of might
 T - 2 potions of invisibility
Miscellaneous
 H - a tin of tremorstones (2/2)


   Skills:
 + Level 5.1 Staves
 - Level 2.0 Dodging
 - Level 2.0 Stealth
 + Level 13.6 Spellcasting
 + Level 14.5 Conjurations
 - Level 2.0 Summonings
 - Level 2.0 Transmutations
 + Level 14.7 Air Magic
 + Level 8.9 Evocations


You had 19 spell levels left.
You knew the following spells:

 Your Spells              Type           Power      Damage    Failure   Level
a - Shock                 Conj/Air       100%       1d9       0%          1
b - Swiftness             Air            100%       N/A       0%          2
c - Static Discharge      Conj/Air       100%       N/A       0%          3
d - Airstrike             Air            70%        N/A       1%          4
e - Lightning Bolt        Conj/Air       70%        1d95      1%          5
f - Summon Lightning Spi  Summ/Air       100%       N/A       1%          4
g - Call Imp              Summ           56%        N/A       1%          2
h - Passwall              Tmut/Erth      40%        N/A       1%          2

Your spell library contained the following spells:

 Spells                   Type           Power      Damage    Failure   Level
 Magic Dart               Conj           100%       1d8       0%          1
 Animate Skeleton         Necr           74%        N/A       1%          1
 Beastly Appendage        Tmut           100%       N/A       1%          1
 Corona                   Hex            41%        N/A       1%          1
 Pain                     Necr           100%       1d9       1%          1
 Sandblast                Erth           74%        2d16      1%          1
 Summon Small Mammal      Summ           100%       N/A       1%          1
 Blink                    Tloc           N/A        N/A       1%          2
 Ensorcelled Hibernation  Hex/Ice        74%        N/A       1%          2
 Slow                     Hex            37%        N/A       1%          2
 Wereblood                Tmut           56%        N/A       1%          2
 Call Canine Familiar     Summ           56%        N/A       1%          3
 Conjure Flame            Conj/Fire      87%        6-21      1%          3
 Dazzling Flash           Conj/Hex       100%       N/A       1%          3
 Mephitic Cloud           Conj/Pois/Air  100%       N/A       1%          3
 Stone Arrow              Conj/Erth      100%       3d13      1%          3
 Irradiate                Conj/Tmut      45%        3d29      1%          5
 Spider Form              Tmut/Pois      24%        N/A       2%          3
 Summon Guardian Golem    Hex/Summ       48%        N/A       2%          3
 Confusing Touch          Hex            37%        N/A       3%          3
 Tukima's Dance           Hex            37%        N/A       3%          3
 Vampiric Draining        Necr           18%        2d8       3%          3
 Ice Form                 Ice/Tmut       48%        N/A       9%          4
 Petrify                  Tmut/Erth      48%        N/A       9%          4
 Summon Ice Beast         Ice/Summ       48%        N/A       9%          4
 Animate Dead             Necr           18%        N/A       12%         4
 Blade Hands              Tmut           28%        N/A       16%         5
 Agony                    Necr           37%        N/A       34%         5
 Lee's Rapid Deconstruct  Erth           18%        3d12*     34%         5
 Hydra Form               Tmut           28%        N/A       63%         6
 Statue Form              Tmut/Erth      32%        N/A       77%         6
 Dragon Form              Tmut           28%        N/A       99%         7


Dungeon Overview and Level Annotations

Branches:
Dungeon (15/15)            Temple (0/1) D:4            Lair (6/6) D:8
  Swamp (0/4) Lair:3        Snake (0/4) Lair:2        Slime (0/5) Lair:5
    Orc (2/2) D:10            Elf (2/3) Orc:2        Vaults (0/5) D:13
 Depths (0/5) D:15         Bailey (visited)           IceCv (visited)

Shops:
D:5 :   D:10 =([?   D:12 :   D:14 ?[=[   Orc:2 ??[::([(   Elf:1 :

Annotations:
D:3 Pikel
D:5 3 runed translucent doors, cavalnite's ghost, novice GrFi; ma3's ghost, novice TrBe
D:6 2 transporters, emiel's ghost, novice FoWn


Innate Abilities, Weirdness & Mutations

Your attributes grow dramatically as you level up.
You have an increased reservoir of magic. (+10% MP)
You shall have no god before yourself.


Message History

The deep elf knight wields a +0 shortbow.
The deep elf knight shoots an arrow.
The arrow hits you! The deep elf knight barely misses you.
There is a stone staircase leading up, spattered with blood here.
The deep elf zephyrmancer points at you and mumbles some strange words.
The bolt of lightning hits you! You resist.
The deep elf knight shoots an arrow.
The arrow hits you!!
The deep elf knight hits you with a +0 scimitar!
You climb upwards.
There is a stone staircase leading down here.
Casting: Airstrike (safe; 1% risk of failure)
Confirm with . or Enter, or press ? or * to list all spells.
Aiming: Airstrike (safe; 1% risk of failure)
Press: ? - help, Dir - move target, f - deep elf knight
Aim: a deep elf knight, wielding a +0 scimitar
Okay, then.
Unknown command.
Unknown command.
Casting: Airstrike (safe; 1% risk of failure)
Confirm with . or Enter, or press ? or * to list all spells.
Aiming: Lightning Bolt (safe; 1% risk of failure)
Press: ? - help, Shift-Dir - straight line You feel a surge of power!
You hear a mighty clap of thunder!
The bolt of lightning hits the deep elf knight!
The deep elf knight is moderately wounded.
The bolt of lightning hits the deep elf knight.
The deep elf knight is moderately wounded.
The bolt of lightning hits you!! You resist.
* * * LOW HITPOINT WARNING * * *
Casting: Lightning Bolt (safe; 1% risk of failure)
Confirm with . or Enter, or press ? or * to list all spells.
Aiming: Lightning Bolt (safe; 1% risk of failure)
Press: ? - help, Shift-Dir - straight line You feel a surge of power!
You hear a mighty clap of thunder!
The bolt of lightning hits the deep elf knight!!!
You kill the deep elf knight!
The bolt of lightning hits you!! You resist.
You die...

#...8...# #.# #.....# # #.......#
#.# ##...## # #.....).# #.#
##.#'## # ##'#...#'## #.# ####.##
# ##.#######.## #.# ##.### ##.##
##.## #.# #####.## #.## ##.###.#
#### #....#.# '##
##.##'###..###.##.##. ##
####)@.##....##....###
.###########..#$..#......#.##.###
.'...........8'...#......#....)'.
.########..##.#...##....##.##.###
#'## ##.8>∩.8..###..##.....##'
##.## ####.########'#...##.#.#
##.#########8# #........##.##
##.##...##..# #........####
##[.....'### #.......^#


There were no monsters in sight!

Vanquished Creatures
  Frances (D:12)
  Kirke (D:15)
  Roxanne (D:15)
  A deep elf sorcerer (Elf:1)
  An orc warlord (Orc:2)
  2 deep elf annihilators (Elf:1)
  Snorg (Lair:4)
  Fannar (Lair:1)
  A deep elf high priest (Elf:1)
  Erolcha (Orc:2)
  5 hydras
  2 two-headed ogres
  10 dancing weapons
  3 boulder beetles
  3 tengu warriors
  A death knight (D:15)
  6 death yaks
  3 orc high priests (Orc:2)
  13 deep elf knights
  5 unseen horrors
  4 deep elf archers
  An orange crystal statue (Elf:2)
  A necromancer (Lair:5)
  5 orc knights
  19 deep elf zephyrmancers
  16 deep elf pyromancers
  A wolf spider zombie (D:15)
  3 cyclopes
  4 oklob plants (Lair:3)
  6 orc sorcerers
  9 ugly things
  2 manticores
  9 elephants
  3 black mambas
  A centaur skeleton (D:14)
  27 cane toads
  2 ice statues (IceCv)
  A water nymph (shapeshifter) (D:15)
  A kobold demonologist (D:11)
  2 rime drakes
  2 freezing wraiths
  3 komodo dragons
  4 polar bears
  5 trolls
  A hornet (Lair:5)
  4 tyrant leeches (Lair:6)
  25 blink frogs
  12 slime creatures
  2 air elementals (Elf:1)
  6 wyverns
  2 water elementals (Elf:1)
  2 wraiths
  2 vampires (D:11)
  2 hogs (D:15)
  4 basilisks
  30 yaks
  4 fire elementals
  A naga (Lair:2)
  5 vampire mosquitoes (Lair:6)
  A steam dragon (D:12)
  2 wargs
  14 water moccasins
  An elephant zombie (Lair:5)
  4 ice beasts
  29 orc warriors
  A sky beast (D:14)
  A necrophage (D:10)
  2 black bears
  5 wolves
  11 ogres
  2 eyes of draining
  18 centaurs
  A phantom (D:12)
  7 kobold brigands
  4 lemures
  38 bullfrogs
  A komodo dragon zombie (Lair:5)
  6 scorpions
  19 wights
  3 killer bees (D:11)
  6 electric eels
  8 centaur zombies
  A lava snake (D:9)
  9 hounds
  A quasit (D:10)
  13 orc priests
  A bullfrog skeleton (D:5)
  3 bullfrog zombies
  14 jellies
  3 iguanas
  26 orc wizards
  Terence (D:3)
  8 worker ants
  2 hound zombies
  A howler monkey zombie (D:6)
  Robin (D:3)
  9 gnolls
  2 howler monkey skeletons
  15 adders
  2 shadow imps
  15 white imps
  4 oozes
  2 worms
  3 dart slugs
  15 leopard geckos
  91 orcs
  2 ball pythons (D:4)
  6 giant cockroaches
  29 goblins
  12 hobgoblins
  9 jackals
  54 kobolds
  4 quokkas
  5 bats
  6 frilled lizards
  A quokka skeleton (D:4)
  8 rats
  A bush (D:15)
  A plant (Lair:3)
859 creatures vanquished.

Vanquished Creatures (collateral kills)
  A fire giant (D:15)
  A centaur warrior (D:15)
  Harold (Orc:1)
  A death knight (D:13)
  A tengu warrior (D:12)
  Urug (Lair:1)
  An orc high priest (Orc:1)
  2 death yaks
  Sonja (Lair:4)
  3 deep elf zephyrmancers (Elf:1)
  A deep elf pyromancer (Elf:1)
  2 ugly things
  An orc knight (Bailey)
  An elephant (Lair:1)
  A cane toad (Lair:5)
  A centaur skeleton (D:12)
  A tengu conjurer (D:12)
  A troll (Orc:2)
  4 blink frogs
  A wraith (D:13)
  A vampire (D:10)
  5 yaks
  A wyvern (D:12)
  A vampire mosquito (Lair:6)
  3 wargs
  2 nagas (Lair:2)
  A water moccasin (Lair:3)
  2 orc warriors
  2 ogres
  5 ice beasts (IceCv)
  6 centaurs
  2 bullfrogs
  A gnoll sergeant (D:8)
  A wight (D:15)
  4 orc priests
  2 orc wizards
  2 worker ants
  3 gnolls
  8 orcs
79 creatures vanquished.

Vanquished Creatures (others)
  An orc knight (Bailey)
  A deep elf archer (Elf:1)
  A guardian serpent (Elf:1)
  A human (D:15)
  An orc warrior (Bailey)
  2 orc priests (Orc:2)
  An orc wizard (Orc:2)
  20 bushes
  43 fungi
  134 plants
  6 withered plants (D:5)
211 creatures vanquished.

Grand Total: 1149 creatures vanquished

Notes
Turn   | Place    | Note
-------+----------+-------------------------------------------
     0 | D:1      | Anon1729 the Demigod Air Elementalist began the quest for
                  | the Orb.
     0 | D:1      | Reached XP level 1. HP: 14/14 MP: 5/5
   168 | D:1      | Reached skill level 1 in Conjurations
   400 | D:1      | Reached XP level 2. HP: 20/20 MP: 0/7
  1247 | D:1      | Reached XP level 3. HP: 26/26 MP: 6/8
  1573 | D:2      | Learned a level 2 spell: Swiftness
  1577 | D:2      | Learned a level 3 spell: Static Discharge
  2715 | D:3      | Reached XP level 4. HP: 33/33 MP: 2/10
  2885 | D:3      | Noticed Terence
  2903 | D:3      | Killed Terence
  3111 | D:3      | Reached XP level 5. HP: 38/38 MP: 7/12
  3183 | D:3      | Noticed Robin
  3202 | D:3      | Killed Robin
  4323 | D:4      | Noticed Pikel
  4916 | D:4      | Found a staircase to the Ecumenical Temple.
  5276 | D:4      | Reached XP level 6. HP: 25/45 MP: 1/14
  5596 | D:4      | Learned a level 4 spell: Airstrike
  5806 | D:4      | Identified Sif Muna's Handbook of the Entourage
  6420 | D:5      | Entered Level 5 of the Dungeon
  6532 | D:5      | Reached XP level 7. HP: 45/50 MP: 9/16
  6622 | D:5      | Reached skill level 5 in Air Magic
  6739 | D:5      | Found Ruedomm's Book Shoppe.
  7035 | D:5      | Found a runed translucent gate.
  7036 | D:5      | Found a runed translucent gate.
  7040 | D:5      | Found a runed translucent gate.
  7040 | D:5      | Noticed cavalnite's ghost (novice GrFi)
  7040 | D:5      | Noticed ma3's ghost (novice TrBe)
  7526 | D:6      | You fall into a shaft and drop 1 floor!
  7604 | D:7      | Learned a level 4 spell: Summon Lightning Spire
  8162 | D:7      | Reached skill level 1 in Summonings
  8599 | D:7      | Reached skill level 5 in Conjurations
  8599 | D:7      | Reached XP level 8. HP: 57/57 MP: 11/18
  8675 | D:6      | Reached skill level 5 in Spellcasting
  8726 | D:6      | Found a transporter.
  9490 | D:6      | Noticed emiel's ghost (novice FoWn)
  9491 | D:6      | Noticed a two-headed ogre
  9499 | D:6      | Found a transporter.
  9871 | D:6      | Identified the +8 long sword of Income {vorpal, *Drain +Inv
                  | rElec rN+}
 10665 | D:8      | Reached XP level 9. HP: 42/62 MP: 2/21
 11472 | D:8      | Found a staircase to the Lair.
 11480 | D:8      | Noticed a two-headed ogre
 11510 | D:8      | Killed a two-headed ogre
 12081 | D:7      | HP: 3/62 [poisoned by a gnoll sergeant]
 12089 | D:7      | HP: 3/62 [poisoned by a gnoll sergeant]
 12389 | D:7      | Learned a level 5 spell: Lightning Bolt
 12902 | D:8      | Reached XP level 10. HP: 69/69 MP: 16/25
 13896 | D:10     | Entered Level 10 of the Dungeon
 13981 | D:10     | You fall into a shaft and drop 1 floor!
 14348 | D:10     | Found a flagged portal.
 14356 | Bailey   | Entered a bailey
 14376 | Bailey   | Learned a level 2 spell: Call Imp
 14395 | Bailey   | Noticed an orc knight
 14400 | Bailey   | Noticed an orc knight
 14403 | Bailey   | Noticed an orc knight
 14410 | Bailey   | Killed an orc knight
 14426 | Bailey   | Killed an orc knight
 15522 | D:10     | Found Kafogilu's Antique Weapon Shop.
 15555 | D:10     | You fall into a shaft and drop 1 floor!
 15557 | D:11     | Noticed a green ugly thing
 15562 | D:11     | Killed a green ugly thing
 15992 | D:11     | Noticed a cyclops
 15994 | D:11     | Killed a cyclops
 16069 | D:11     | Noticed a brown ugly thing
 16073 | D:11     | Killed a brown ugly thing
 16074 | D:11     | Reached XP level 11. HP: 74/74 MP: 10/28
 16262 | D:11     | Noticed a boulder beetle
 16266 | D:11     | Killed a boulder beetle
 16764 | D:11     | Reached skill level 10 in Air Magic
 17184 | D:10     | Found a staircase to the Orcish Mines.
 17444 | D:10     | Found Meelel's Antique Armour Boutique.
 17449 | D:10     | Found Wesawak's Magic Scroll Shop.
 17659 | D:10     | Found Xybujog's Jewellery Shop.
 17836 | D:10     | Killed an unseen horror
 17837 | D:10     | Reached skill level 10 in Conjurations
 17950 | D:10     | Noticed a two-headed ogre
 17954 | D:10     | Killed a two-headed ogre
 18349 | D:10     | Bought a scroll of teleportation for 39 gold pieces
 18349 | D:10     | Bought a scroll of identify for 26 gold pieces
 18349 | D:10     | Bought a scroll of teleportation for 39 gold pieces
 18349 | D:10     | Bought a scroll of fog for 26 gold pieces
 18349 | D:10     | Bought a scroll of amnesia for 45 gold pieces
 18349 | D:10     | Bought a scroll of enchant weapon for 97 gold pieces
 18354 | D:10     | Bought a scroll of identify for 26 gold pieces
 18354 | D:10     | Bought a scroll of identify for 26 gold pieces
 19690 | D:12     | Noticed a five-headed hydra
 19759 | D:12     | Noticed Frances
 19761 | D:12     | Killed a five-headed hydra
 19779 | D:12     | Killed Frances
 19780 | D:12     | Reached skill level 10 in Spellcasting
 20130 | D:12     | Reached XP level 12. HP: 27/81 MP: 5/30
 20693 | D:12     | Found Ellemuh's Book Emporium.
 21047 | Lair:1   | Entered Level 1 of the Lair of Beasts
 21167 | Lair:1   | Noticed a seven-headed hydra
 21171 | Lair:1   | Killed a seven-headed hydra
 21944 | Lair:1   | Noticed Fannar
 22111 | Lair:1   | Noticed Urug
 22225 | Lair:1   | Killed Fannar
 22938 | Lair:1   | Killed Urug
 23125 | Lair:2   | Found a frozen archway.
 23300 | IceCv    | Entered an ice cave
 23430 | IceCv    | Found a transporter.
 23445 | IceCv    | Identified the +6 scale mail of Relativism {rElec}
 23485 | IceCv    | Found a transporter.
 23629 | IceCv    | Identified the +9 shortbow of Celaph {vorpal, +Blink rElec}
 23775 | Lair:2   | Noticed a six-headed hydra
 23781 | Lair:2   | Killed a six-headed hydra
 24106 | Lair:2   | Found a staircase to the Snake Pit.
 24712 | Lair:2   | You fall into a shaft and drop 2 floors!
 25459 | Lair:3   | Reached XP level 13. HP: 70/86 MP: 12/33
 25474 | Lair:3   | Identified the ring of Spite {*Drain Will+ AC+4 Int+8
                  | Dex+5}
 26101 | Lair:3   | Found a staircase to the Swamp.
 26496 | Lair:3   | Learned a level 2 spell: Passwall
 26635 | Lair:4   | Noticed Sonja
 26638 | Lair:4   | Killed Sonja
 26767 | Lair:4   | Reached skill level 1 in Transmutations
 26767 | Lair:4   | Reached skill level 1 in Evocations
 26776 | Lair:4   | Noticed Snorg
 29176 | Lair:4   | Killed Snorg
 30264 | Lair:5   | Identified a scroll of acquirement
 30326 | Lair:5   | Acquired the +2 helmet "Koshep Jony" {rElec rPois rN+}
 31025 | Lair:5   | Found a staircase to the Slime Pits.
 31672 | Lair:6   | Entered Level 6 of the Lair of Beasts
 33246 | Lair:6   | Reached XP level 14. HP: 57/93 MP: 6/35
 34337 | Lair:6   | Reached skill level 5 in Evocations
 37293 | D:14     | Found Woitunym's Jewellery Boutique.
 37451 | D:14     | Found Faadav's Magic Scroll Shop.
 37454 | D:14     | Bought a scroll of blinking for 142 gold pieces
 37454 | D:14     | Bought a scroll of identify for 38 gold pieces
 37454 | D:14     | Bought a scroll of teleportation for 57 gold pieces
 37454 | D:14     | Bought 3 scrolls of identify for 114 gold pieces
 37454 | D:14     | Bought a scroll of vulnerability for 142 gold pieces
 37454 | D:14     | Bought a scroll of teleportation for 57 gold pieces
 37454 | D:14     | Bought a scroll of fog for 38 gold pieces
 37670 | D:14     | Found Jus Seen's Antique Armour Shop.
 37674 | D:14     | Bought a warped leather armour for 210 gold pieces
 37674 | D:14     | Identified the +2 leather armour of Words of Power {rN+}
                  | (You bought it in a shop on level 14 of the Dungeon)
 37674 | D:14     | Bought an encrusted ring mail for 270 gold pieces
 37674 | D:14     | Identified the +1 ring mail of Barghot {*Corrode +Fly rF-
                  | Int+10} (You bought it in a shop on level 14 of the
                  | Dungeon)
 38658 | D:14     | Found Yqusat Zier's Armour Emporium.
 39087 | D:15     | Entered Level 15 of the Dungeon
 40131 | D:15     | Noticed Kirke
 40140 | D:15     | Killed Kirke
 40248 | D:15     | Found a staircase to the Depths.
 40337 | D:15     | Noticed Roxanne
 40845 | D:15     | Killed Roxanne
 41025 | D:15     | Noticed a fire giant
 41041 | D:15     | Killed a fire giant
 41686 | D:13     | Found a gate to the Vaults.
 42469 | Orc:1    | Entered Level 1 of the Orcish Mines
 42808 | D:10     | Bought a bronze chain mail for 171 gold pieces
 42808 | D:10     | Identified the +1 chain mail of the Stars {rPois Regen+
                  | rCorr Int-5} (You bought it in a shop on level 10 of the
                  | Dungeon)
 43670 | Orc:2    | Entered Level 2 of the Orcish Mines
 43672 | Orc:2    | Found a flickering gateway to a bazaar.
 43723 | Orc:2    | Found Buntud's Magic Scroll Shop.
 43786 | Orc:2    | Found Ygrast's Magic Scroll Shop.
 43830 | Bazaar   | Entered a bazaar
 43882 | Bazaar   | Found Natzick's Antique Armour Shop.
 43896 | Bazaar   | Found Buirum's Magic Scroll Boutique.
 43901 | Bazaar   | Bought a scroll of teleportation for 30 gold pieces
 43901 | Bazaar   | Bought a scroll of random uselessness for 10 gold pieces
 43901 | Bazaar   | Bought a scroll of fear for 35 gold pieces
 43901 | Bazaar   | Bought a scroll of teleportation for 30 gold pieces
 43932 | Bazaar   | Found Qoumek's Armour Boutique.
 43942 | Bazaar   | Found Ebira's Jewellery Shop.
 43956 | Bazaar   | Found Xeff's Distillery.
 43961 | Bazaar   | Bought a potion of heal wounds for 60 gold pieces
 43961 | Bazaar   | Bought a potion of brilliance for 48 gold pieces
 43961 | Bazaar   | Bought a potion of haste for 120 gold pieces
 43961 | Bazaar   | Bought a potion of heal wounds for 60 gold pieces
 43961 | Bazaar   | Bought a potion of brilliance for 48 gold pieces
 43961 | Bazaar   | Bought a potion of invisibility for 96 gold pieces
 44071 | Bazaar   | Bought a distressingly furry scale mail for 198 gold pieces
 44071 | Bazaar   | Identified the +0 scale mail of Hyvot {Rampage *Corrode
                  | rPois Dex+3} (You bought it in a shop in a bazaar)
 44207 | Orc:2    | Found a staircase to the Elven Halls.
 44213 | Orc:2    | Reached XP level 15. HP: 99/99 MP: 24/37
 44347 | Orc:1    | Noticed Harold
 44356 | Orc:1    | Killed Harold
 44357 | Orc:1    | Reached skill level 1 in Staves
 44609 | Orc:2    | Noticed Erolcha
 44680 | Orc:2    | Killed Erolcha
 45136 | Orc:2    | Found Ukyb's Antique Armour Shop.
 45426 | Orc:2    | Found Filacola's Weapon Shoppe.
 45426 | Orc:2    | Found Tushuen's Armour Shop.
 45428 | Orc:2    | Found Ritawirph's Book Shop.
 45428 | Orc:2    | Found Daigouw's Book Shoppe.
 45577 | Orc:2    | Found Pebifoop's Weapon Boutique.
 45938 | Elf:1    | Entered Level 1 of the Elven Halls
 46502 | Elf:1    | Found Fozxo's Book Shop.
 48892 | Elf:2    | Reached skill level 5 in Staves
 48892 | Elf:2    | Reached XP level 16. HP: 105/105 MP: 23/38
 49825 | Elf:1    | Killed themself with a bounced bolt of lightning

Illustrated notes

Levels and vault maps discovered:
D:1:      scummos_arrival_simple_crosswalls, layout_basic
D:2:      layout_basic
D:3:      layout_basic, nicolae_dithmenos_through_a_glass_darkly,
          minmay_misc_feat_enclosed, minmay_cut_off, uniq_terence, uniq_robin
D:4:      minmay_razor_zed, layout_cave_pools,
          grunt_temple_overflow_magic_moments, temple_green,
          gup_sewer_entry_pipe, uniq_pikel
D:5:      layout_loops_cross, serial_shops,
          nicolae_shop_competitors_out_of_business, gammafunk_ghost_cemetery
D:6:      nicolae_whirlpool, layout_basic, gammafunk_ghost_smash
D:7:      layout_loops_ring
D:8:      layout_cave_pools, gammafunk_temple_overflow_forgotten,
          minmay_lair_entry_grove, st_stairs_13, amcnicky_altar_gilded
D:9:      layout_roguey, grunt_temple_overflow_gold_and_silver, serial_curves,
          eino_curves_01, eino_curves_01, kennysheep_flooded_box
D:10:     layout_stronghold, david_orc_2, serial_shops,
          nicolae_shop_statue_plus, nicolae_shop_waterfront,
          nicolae_shop_waterfront, shop, enter_bailey_4
D:11:     layout_irregular_city
D:12:     layout_small_grid, serial_shops, shop, minmay_misc_feat_nine_boxes,
          uniq_frances
D:13:     layout_stronghold, erik_vaults_1
D:14:     layout_grid_maze, nrook_mini_backslash, serial_shops, shop,
          nicolae_shop_stone, nicolae_shop_window_shopping, shop
D:15:     grunt_enter_depths_giant_problem, layout_loops_ring,
          minmay_hedge_maze, uniq_roxanne, uniq_kirke
Lair:1:   layout_cave_shapes, uniq_urug, uniq_fannar
Lair:2:   layout_long_grid, guppyfry_snake_entry_island,
          portal_ice_cave_entry_imps, infiniplex_staircase_pool_2,
          lemuel_fruit_tree, grunt_megastairs_1, serial_bayou_shore_b
Lair:3:   layout_hall_layers, swamp_mist, disabler_island,
          minmay_lair_oklob_chamber
Lair:4:   layout_layer_cave, beast_lair_carwin_3, grunt_megastairs_5,
          serial_bayou_shore_a, uniq_snorg, uniq_sonja
Lair:5:   pond_and_an_island_with_a_cottage, layout_cave_pods,
          minmay_slime_entry_jelly_boxes
Lair:6:   minmay_lair_end_frog_pond, layout_small_grid, serial_bayou_shore_b
Orc:1:    layout_caves, trog_hazing_becter, uniq_harold
Orc:2:    grunt_orc_tribal_feast, layout_caves, serial_shops, bzr_entry_dummy,
          shop_statue, shop, nicolae_shop_stone, nicolae_shop_statue_plus,
          mines1_david, uniq_erolcha
Elf:1:    layout_geoelf_diagonals, serial_shops, nicolae_shop_statue_plus,
          hangedman_elf_represent, nicolae_elf_glass_and_crystal_pillar_1,
          fake_guardian_serpent_vault
Elf:2:    layout_gridlike, basic_altar, minivault_16, uniq_louise

Skill      XL: |  1  2  3  4  5  6  7  8  9 10 11 12 13 14 15 |
---------------+----------------------------------------------+-----
Conjurations   | 1 2 3 4 5 6 7 9 10 12 13 14 | 14.5
Stealth        | 2 |  2.0
Dodging        | 2 |  2.0
Spellcasting   | 2 3 4 6 7 8 10 11 12 13 | 13.6
Air Magic      | 3 4 5 7 8 9 11 12 13 14 | 14.7
Summonings     | 1 2 |  2.0
Transmutations | 2 |  2.0
Evocations     | 4 7 8 |  8.9
Staves         | 5 |  5.1

Action                   |  1- 3 |  4- 6 |  7- 9 | 10-12 | 13-15 | 16-18 || total
-------------------------+-------+-------+-------+-------+-------+-------++-------
Melee: Unarmed           |    10 |       |       |       |       |       ||    10
       Dagger            |     1 |    44 |    11 |       |       |       ||    56
       Long sword        |       |       |    20 |    76 |    23 |       ||   119
       Staff             |       |       |       |       |   104 |       ||   104
 Cast: Shock             |   103 |   215 |   304 |   313 |   105 |       ||  1040
       Static Discharge  |       |     1 |     2 |    18 |    33 |       ||    54
       Swiftness         |       |     1 |     1 |     1 |     1 |       ||     4
       Airstrike         |       |       |    36 |   200 |   456 |     6 ||   698
       Summon Lightning  |       |       |     7 |    17 |    56 |       ||    80
       Lightning Bolt    |       |       |       |    48 |   280 |    12 ||   340
       Call Imp          |       |       |       |    11 |    10 |       ||    21
       Passwall          |       |       |       |       |     5 |       ||     5
Evoke: Wand              |       |       |       |    12 |    11 |       ||    23
  Use: Potion            |     1 |       |       |     6 |     2 |     1 ||    10
       Scroll            |       |       |       |     9 |    18 |     1 ||    28
 Stab: Distracted        |       |       |       |     1 |       |       ||     1
       Sleeping          |       |       |       |     1 |       |       ||     1
Armor: Skin              |     3 |       |       |    15 |       |       ||    18
       Robe              |     2 |    22 |    31 |    46 |       |       ||   101
       Steam dragon scal |       |       |       |    15 |    97 |       ||   112
       Ring mail         |       |       |       |       |    82 |    14 ||    96
Dodge: Dodged            |    12 |    76 |    72 |   238 |   330 |    14 ||   742
       Rpst.: Long sword |       |       |    13 |    55 |    13 |       ||    81

Table legend: (Time is in decaauts)
 A = Elapsed time spent in this place.
 B = Non-inter-level travel time spent in this place.
 C = Inter-level travel time spent in this place.
 D = Time resting spent in this place.
 E = Time spent auto-exploring this place.
 F = Levels seen in this place.
 G = Mean time per level.
                   A        B        C        D        E       F      G
               +--------+--------+--------+--------+--------+-----+--------+
         Total |  50008 |  48133 |   1875 |  14189 |  27278 |  28 | 1786.0 |
       Dungeon |  27474 |  26262 |   1212 |   6315 |  16404 |  15 | 1831.6 |
          Lair |  14733 |  14183 |    550 |   4743 |   7827 |   6 | 2455.5 |
  Orcish Mines |   2930 |   2840 |     90 |    696 |   1570 |   2 | 1465.0 |
   Elven Halls |   3636 |   3615 |     21 |   1895 |   1254 |   2 | 1818.0 |
        Bazaar |    335 |    335 |      0 |      0 |    159 |   1 |  335.0 |
        Bailey |    535 |    535 |      0 |    312 |     63 |   1 |  535.0 |
      Ice Cave |    363 |    363 |      0 |    228 |      0 |   1 |  363.0 |
               +--------+--------+--------+--------+--------+-----+--------+

Top non-repeatable levels by time:
  Lair:5: 4675 daAuts
   Elf:1: 3263 daAuts
    D:14: 2881 daAuts
  Lair:3: 2872 daAuts
    D:10: 2684 daAuts
    D:11: 2504 daAuts
     D:7: 2230 daAuts
  Lair:1: 2204 daAuts
    D:15: 2101 daAuts
  Lair:4: 2040 daAuts
     D:8: 2022 daAuts
     D:3: 2008 daAuts
    D:12: 1990 daAuts
   Orc:2: 1810 daAuts
  Lair:6: 1751 daAuts
